 Dungeon Crawl Stone Soup version 0.22.0-25-g7663229 (webtiles) character file.

181 Lew the Covered (level 5, -1/33 HPs)
             Began as a Gargoyle Fighter on Aug 20, 2018.
             Was a Follower of Dithmenos.
             Slain by Crazy Yiuf
             ... wielding a +3 quarterstaff of chaos
              (9 damage)
             ... on level 3 of the Dungeon.
             The game lasted 00:05:53 (2201 turns).

Lew the Covered (Gargoyle Fighter)                  Turns: 2201, Time: 00:05:54

Health: -1/33      AC:  0    Str: 21    XL:     5   Next: 61%
Magic:  3/5        EV: 17    Int:  8    God:    Dithmenos [*.....]
Gold:   182        SH:  0    Dex: 14    Spells: 4/4 levels left

rFire    . . .     SeeInvis .   (weapon currently unavailable)
rCold    . . .     Gourm    .   (shield currently unavailable)
rNeg     + . .     Faith    .   (armour currently unavailable)
rPois    ∞         Spirit   .   (helmet currently unavailable)
rElec    .         Reflect  .   (cloak currently unavailable)
rCorr    .         Harm     .   (gloves currently unavailable)
MR       .....                  (boots currently unavailable)
Stlth    ++........             (no amulet)
HPRegen  0.11/turn              (ring currently unavailable)
MPRegen  0.09/turn              (ring currently unavailable)

@: bat-form, flying, wreathed by umbra, very quick
A: tiny, negative energy resistance 1, petrification resistance, rot immunity,
AC +4
a: Renounce Religion


You were on level 3 of the Dungeon.
You worshipped Dithmenos.
Dithmenos was aware of your devotion.
You were not hungry.
You were in bat-form.
You visited 1 branch of the dungeon, and saw 3 of its levels.

You collected 182 gold pieces.

Inventory:

Hand Weapons
 a - a +0 flail
 e - a cursed -3 whip
 m - a +2 vampiric whip (melded)
Armour
 b - a +0 scale mail (melded)
 c - a +0 shield (melded)
 t - a +0 helmet (melded)
Wands
 o - a wand of flame (40)
Scrolls
 h - 2 scrolls of remove curse {unknown}
 j - 5 scrolls of amnesia {unknown}
 l - a scroll of teleportation {unknown}
 p - 2 scrolls of blinking {unknown}
 q - 2 scrolls of enchant weapon {unknown}
 s - 2 scrolls of identify
Potions
 d - 2 potions of might
 g - 2 potions of curing
 i - 3 potions of mutation {unknown}
 k - a potion of heal wounds
 n - a potion of brilliance
 r - a potion of degeneration {unknown}
Comestibles
 f - 2 rations


   Skills:
 + Level 4.1 Fighting
 + Level 3.4 Maces & Flails
 + Level 4.2 Armour
 + Level 1.6 Stealth
 + Level 4.2 Shields


You had 4 spell levels left.
You didn't know any spells.
Your spell library was empty.

Dungeon Overview and Level Annotations

Branches:
Dungeon (3/15)

Altars:
Cheibriados
Dithmenos
Kikubaaqudgha
Makhleb

Annotations:
D:3 Crazy Yiuf


Innate Abilities, Weirdness & Mutations

You are resistant to torment.
((Your stone body is resilient. (AC +4)))
You are immune to poison.
You resist negative energy. (rN+)
((You are resistant to electric shocks. (rElec)))
((You can survive without breathing.))
You are immune to petrification.
You are immune to rotting.


Message History

Your +0 scale mail melds into your body.
You feel the dreadful sensation subside.
It is a wand of polymorph (15).
You hit Crazy Yiuf but do no damage.
Crazy Yiuf is almost dead.
Crazy Yiuf says, "Ghoul dark green!"
Crazy Yiuf hits you with a quarterstaff of chaos!
Crazy Yiuf burns you.
You hit Crazy Yiuf.
Crazy Yiuf is almost dead.
Crazy Yiuf misses you.
You hit Crazy Yiuf but do no damage.
Crazy Yiuf is almost dead.
Crazy Yiuf hits you with a quarterstaff of chaos!
* * * LOW HITPOINT WARNING * * *
You feel your power leaking away.
You hit Crazy Yiuf but do no damage.
Crazy Yiuf is almost dead.
Crazy Yiuf hits you with a quarterstaff of chaos!
You die...

#.#.#..#.# #..).# #..#.#.#
#. #.#)#..#.# ♣P.P.♣
#....#+####. #.#.#..#.#
♣♣.P.♣ #......(....
.........# ♣♣.♣♣
#...(....... #.....(..#
♣♣.♣ #...#.......
#...#.##.### ♣.♣♣
#......####) #...#......#
♣♣.♣ ###)#####(..
#...####..## ♣.♣♣
#......(.... #...# #...#
#b# #........... #...#
#.#.# #.g.# #...........
#...# #.#.# #...#
#........... #.### #.#.#
#)..# #........##(
#.######.#.## #####
#.)......##. #........##.#♣
♣♣♣ #.##.######.
.........###.###.### ###.##
#...
...............#.<)####.##
#.#.
.........##......[..##.####
#.#.


You could see Crazy Yiuf.

Vanquished Creatures
  A hound (D:3)
  Natasha (D:2)
  Robin (D:2)
  4 adders
  A worm (D:2)
  3 dart slugs
  2 leopard geckos
  7 bats
  A giant cockroach (D:3)
  12 goblins
  11 hobgoblins
  11 kobolds
  7 frilled lizards
  7 rats
69 creatures vanquished.

Notes
Turn   | Place    | Note
-------+----------+-------------------------------------------
     0 | D:1      | Lew the Gargoyle Fighter began the quest for the Orb.
     0 | D:1      | Reached XP level 1. HP: 14/14 MP: 1/1
   157 | D:1      | Reached XP level 2. HP: 15/19 MP: 2/2
   717 | D:2      | Reached XP level 3. HP: 23/23 MP: 3/3
  1000 | D:2      | Found a snail-covered altar of Cheibriados.
  1008 | D:2      | Reached XP level 4. HP: 29/29 MP: 4/4
  1206 | D:2      | Found a shadowy altar of Dithmenos.
  1262 | D:2      | Became a worshipper of Dithmenos the Shadowed
  1290 | D:3      | Noticed Robin
  1290 | D:3      | Noticed Natasha
  1329 | D:2      | Killed Natasha
  1343 | D:2      | Killed Robin
  1343 | D:2      | Reached skill level 1 in Stealth
  1373 | D:3      | Reached XP level 5. HP: 31/33 MP: 5/5
  1527 | D:3      | Reached * piety under Dithmenos
  1543 | D:3      | Found an ancient bone altar of Kikubaaqudgha.
  1835 | D:3      | Found a runed door.
  2019 | D:3      | Found a burning altar of Makhleb.
  2187 | D:3      | Noticed Crazy Yiuf
  2201 | D:3      | Slain by Crazy Yiuf

Skill      XL: |  1  2  3  4 |
---------------+-------------+-----
Maces & Flails | 3 |  3.4
Stealth        | 1 |  1.6
Armour         | 4 |  4.2
Fighting       | 4 |  4.1
Shields        | 4 |  4.2

Action                   |  1- 3 |  4- 6 || total
-------------------------+-------+-------++-------
Melee: Flail             |    70 |       ||    70
       Whip              |    65 |   173 ||   238
       Unarmed           |       |     4 ||     4
  Use: Scroll            |     4 |       ||     4
       Potion            |     3 |       ||     3
  Eat: Ration            |     2 |       ||     2
       Chunk             |       |     2 ||     2
Armor: Scale mail        |    60 |    89 ||   149
Dodge: Dodged            |    43 |    77 ||   120
Block: Shield            |    90 |   104 ||   194
